 Dungeon Crawl Stone Soup version 0.21-a0-507-ga8f6b7a (webtiles) character file.

35 slep the Poker (level 3, 0/27 HPs)
             Began as a Demonspawn Gladiator on Nov 28, 2017.
             Slain by an orc warrior
             ... wielding a +0 glaive
              (22 damage)
             ... on level 2 of the Dungeon.
             The game lasted 00:02:59 (580 turns).

slep the Poker (Demonspawn Gladiator)                Turns: 580, Time: 00:02:59

Health: 0/27       AC:  9    Str: 14    XL:     3   Next: 16%
Magic:  3/3        EV:  7    Int:  9    God:
Gold:   28         SH:  0    Dex: 15    Spells: 2/2 levels left

rFire    + . .     SeeInvis .   a - +0 trident
rCold    + . .     Gourm    .   (no shield)
rNeg     . . .     Faith    .   g - +0 chain mail
rPois    +         Spirit   .   c - +0 helmet
rElec    +         Reflect  .   (no cloak)
rCorr    +         Harm     .   (no gloves)
MR       +....                  (no boots)
Stlth    ..........             (no amulet)
HPRegen  0.09/turn              (no ring)
MPRegen  0.08/turn              (no ring)

@: confused, resistant
A: hooves 1, camouflage 1, magic resistance 1
a: no special abilities


You were on level 2 of the Dungeon.
You were not hungry.

You visited 1 branch of the dungeon, and saw 2 of its levels.

You collected 28 gold pieces.

Inventory:

Hand Weapons
 a - a +0 trident (weapon)
Missiles
 d - 3 throwing nets (quivered)
Armour
 b - a +0 leather armour
 c - a +0 helmet (worn)
 g - a +0 chain mail (worn)
Scrolls
 k - a scroll of identify {unknown}
Books
 m - a book of Changes

   Spells                             Type                      Level
   a - Beastly Appendage              Transmutation                1
   b - Sticks to Snakes               Transmutation                2
   c - Spider Form                    Transmutation/Poison         3
   d - Ice Form                       Ice/Transmutation            4
   e - Blade Hands                    Transmutation                5
Comestibles
 f - a bread ration
 i - a royal jelly
 l - a chunk of flesh


   Skills:
 + Level 2.1 Fighting
 + Level 3.3 Polearms
 + Level 1.7 Throwing
 + Level 0.1 Armour
 + Level 3.2 Dodging


You had 2 spell levels left.
You didn't know any spells.

Dungeon Overview and Level Annotations

Branches:
Dungeon (2/15)

Altars:
Qazlal


Innate Abilities, Weirdness & Mutations

You have large cloven feet.
Your skin changes colour to match your surroundings (Stealth+).
You are resistant to hostile enchantments. (MR+)


Message History

The orc hits you but does no damage.
The orc wizard moves out of view.
An orc comes into view.
There is a stormy altar of Qazlal here.
The orc hits you.
The orc wizard casts a spell.
The orc wizard flickers and vanishes!
Deactivating autopickup; reactivate with Ctrl-A.
It was a potion of mutation.
You feel extremely strange.
Your skin functions as natural camouflage.
You feel resistant to hostile enchantments.
It was a potion of resistance.
You feel protected. The orc hits you but does no damage.
The orc warrior hits you from afar with a glaive!
It was a potion of ambrosia.
You are confused.
You feel invigorated. The orc hits you but does no damage.
The orc warrior hits you from afar with a glaive!!
Ouch! That really hurt!
You die...

#########
#.......######
##.##.........#
.....##@#.....#
#.# #o#.....#
#.#####o#.....#
###...)..o##...##
#.....##..# ##.#
#.....###.### .#
#.<...#..o.ยง# #
#.....#.....##.#
#........_.....#


You could see an orc warrior, an orc wizard and 2 orcs.

Vanquished Creatures
  2 oozes (D:1)
  2 dart slugs (D:1)
  A leopard gecko (D:1)
  A giant cockroach (D:2)
  3 goblins (D:1)
  3 hobgoblins (D:1)
  4 kobolds (D:1)
  2 bats (D:1)
  A frilled lizard (D:2)
  A rat (D:1)
20 creatures vanquished.

Notes
Turn   | Place    | Note
-------+----------+-------------------------------------------
     0 | D:1      | slep the Demonspawn Gladiator began the quest for the Orb.
     0 | D:1      | Reached XP level 1. HP: 16/16 MP: 1/1
   242 | D:1      | Gained mutation: You have large cloven feet. [demonic ancestry]
   242 | D:1      | Reached XP level 2. HP: 19/22 MP: 2/2
   431 | D:1      | Reached XP level 3. HP: 26/27 MP: 3/3
   535 | D:2      | Found a stormy altar of Qazlal.
   566 | D:2      | Noticed an orc warrior
   578 | D:2      | Gained mutation: Your skin changes colour to match your surroundings (Stealth+). [potion of mutation]
   578 | D:2      | Gained mutation: You are resistant to hostile enchantments. (MR+) [potion of mutation]
   580 | D:2      | Slain by an orc warrior

Vault maps used:
D:1:      matt_arrival_los_fun, minmay_misc_feat_tiny, serial_bayou_pond_b
D:2:      old_standard_altar, lemuel_round_altar, grunt_qazlal_clouds,
          uniq_natasha, uniq_terence

Skill      XL: |  1  2 |
---------------+-------+-----
Polearms       | 3 |  3.3
Dodging        | 3 |  3.2
Fighting       | |  2.1
Throwing       | |  1.7
Armour         | |  0.1

Action                   || total
-------------------------++-------
Melee: Trident           ||    79
       Kick              ||     9
  Use: Potion            ||     3
Armor: Chain mail        ||    49
Dodge: Dodged            ||    32

Table legend:
 A = Spawn XP
 B = Non-spawn XP
 C = Spawn XP percentage of total XP
 D = Spawn monster count
 E = Non-spawn monster count
 F = Spawn count percentage of total count
 G = Total turns spent on level
                    A         B        C        D         E        F      G
               +---------+---------+-------+---------+---------+-------+---------
         Total |       0 |      50 |   0.0 |       0 |      20 |   0.0 |   580
               +---------+---------+-------+---------+---------+-------+---------
           D:1 |       0 |      47 |   0.0 |       0 |      18 |   0.0 |   535
           D:2 |       0 |       3 |   0.0 |       0 |       2 |   0.0 |    45
               +---------+---------+-------+---------+---------+-------+---------
